 Dungeon Crawl Stone Soup version 0.27.1-1-g398f81649c (webtiles) character file.

Game seed: 7524090624256033974

5 pokedragonboy the Ruffian (level 1, -2/15 (18) HPs)
             Began as a Naga Transmuter on Sept 14, 2021.
             Slain by a spectral hobgoblin (3 damage)
             ... on level 1 of the Dungeon.
             The game lasted 00:01:47 (302 turns).

pokedragonboy the Ruffian (Naga Transmuter)          Turns: 302, Time: 00:01:48

HP:   -2/15 (18)    AC:  1    Str: 12    XL:     1   Next: 80%
MP:   2/3           EV:  9    Int: 13    God:
Gold: 27            SH:  0    Dex: 11    Spells: 3/4 levels left

rFire    . . .     SeeInvis +   b - +0 dagger
rCold    . . .     Faith    .   (no shield)
rNeg     . . .     Spirit   .   a - +0 robe
rPois    +         Reflect  .   (helmet currently unavailable)
rElec    .         Harm     .   (no cloak)
rCorr    .         Rampage  .   (no gloves)
Will     .....                  (no barding)
Stlth    ++........             (no amulet)
HPRegen  0.05/turn              (no ring)
MPRegen  0.08/turn              (no ring)

@: appendages (expiring), heavily drained, very slow
A: horns 2, AC +0, large, see invisible, deformed body, poison resistance,
slowness 2, spit poison 1, naga tail 1
a: Spit Poison, End Transformation


You were on level 1 of the Dungeon.
You had temporarily grown beastly horns.
You visited 1 branch of the dungeon, and saw 1 of its levels.

You collected 27 gold pieces.

Inventory:

Hand Weapons
 b - a +0 dagger (weapon)
Armour
 a - a +0 robe (worn)
Scrolls
 d - a scroll of identify {unknown}
Potions
 c - a potion of mutation {unknown}


   Skills:
 - Level 1.0 Fighting
 - Level 1.5 Dodging
 * Level 1.2 Stealth
 + Level 3.0 Unarmed Combat
 + Level 2.0 Spellcasting
 + Level 2.1 Transmutations


You had 3 spell levels left.
You knew the following spells:

 Your Spells              Type           Power      Damage    Failure   Level
a - Beastly Appendage     Tmut           12%        N/A       11%         1

Your spell library contained the following spells:

 Spells                   Type           Power      Damage    Failure   Level
 Wereblood                Tmut           6%         N/A       16%         2
 Spider Form              Tmut/Pois      2%         N/A       45%         3
 Ice Form                 Ice/Tmut       4%         N/A       86%         4


Dungeon Overview and Level Annotations

Branches:
Dungeon (1/15)

Altars:


Innate Abilities, Weirdness & Mutations

You have temporarily grown beastly horns.
Your serpentine skin is tough. (AC +0)
You have supernaturally acute eyesight. (SInv)
Armour fits poorly on your strangely shaped body.
Your system is resistant to poisons. (rPois)
You cover ground very slowly.
You can spit poison.
You have a snake-like lower body.


Message History

You enter the shallow water.
Moving in this stuff is going to be slow.
The bat hits you but does no damage. The bat closely misses you.
The bat barely misses you. The bat hits you but does no damage. x2
A spectral hobgoblin comes into view.
Your horns disappear.
The bat hits you. The bat closely misses you.
You hit the bat.
The bat is moderately wounded.
The bat barely misses you. The bat barely misses you.
You hit the spectral hobgoblin but do no damage.
The spectral hobgoblin hits you.
You feel drained.
You barely miss the spectral hobgoblin.
The spectral hobgoblin completely misses you.
You hit the spectral hobgoblin.
The spectral hobgoblin is moderately damaged.
The spectral hobgoblin closely misses you.
You hit the spectral hobgoblin.
The spectral hobgoblin is heavily damaged.
The spectral hobgoblin hits you.
You feel drained.
Casting: Beastly Appendage (safe; 11% risk of failure)
Confirm with . or Enter, or press ? or * to list all spells.
You grow a pair of large bovine horns.
The spectral hobgoblin closely misses you.
The bat hits you.
* * * LOW HITPOINT WARNING * * *
The spectral hobgoblin hits you.
* * * LOW HITPOINT WARNING * * *
You barely miss the spectral hobgoblin.
The spectral hobgoblin is heavily damaged.
The bat barely misses you. The spectral hobgoblin misses you.
Okay, then.
You hit the spectral hobgoblin but do no damage.
The spectral hobgoblin is heavily damaged.
Your transformation is almost over.
The bat hits you.
* * * LOW HITPOINT WARNING * * *
The spectral hobgoblin hits you.
You die...

.≈#≈≈≈^.+
.#_.≈≈≈+ #
≈.≈≈..+ .#
#.≈≈.≈#≈.# .
##≈≈..##..# .
#≈.≈###≈≈.#
#≈#8≈#≈≈≈...#
##≈#≈b#Z.##.##
#...≈..@)...#
.###.#.#.####
.. ##....# ...
##.### ... #.#
..# ##.# #.#
##.## #.###.##
#...##


You could see a spectral hobgoblin and a bat.

Vanquished Creatures
  An endoplasm (D:1)
  A goblin (D:1)
  A frilled lizard (D:1)
  3 kobolds (D:1)
6 creatures vanquished.

Notes
Turn   | Place    | Note
-------+----------+-------------------------------------------
     0 | D:1      | pokedragonboy the Naga Transmuter began the quest for the
                  | Orb.
     0 | D:1      | Reached XP level 1. HP: 18/18 MP: 3/3
   224 | D:1      | Reached skill level 1 in Stealth
   287 | D:1      | Found a faded altar of an unknown god.
   302 | D:1      | Slain by a spectral hobgoblin

Illustrated notes

Levels and vault maps discovered:
D:1:      scummos_arrival_hexagon, layout_loops_cross,
          dreamdust_ecumenical_altar_drowned_temple

Skill      XL: |  1 |
---------------+----+-----
Stealth        | 1 |  1.2
Fighting       | |  1.0
Dodging        | |  1.5
Unarmed Combat | |  3.0
Spellcasting   | |  2.0
Transmutations | |  2.1

Action                   || total
-------------------------++-------
Melee: Dagger            ||    16
       Headbutt          ||     3
       Unarmed           ||     1
 Cast: Beastly Appendage ||     7
 Abil: Spit Poison       ||     4
Armor: Robe              ||     4
Dodge: Dodged            ||    13
